 Dungeon Crawl Stone Soup version bcrawl-1.21.3 (webtiles) character file.

Game seed: 13308359165360337415

1680 HoboStank the Skirmisher (level 8, 0/94 HPs)
             Began as a Demonspawn Berserker on Mar 28, 2020.
             Was an Elder of Trog.
             Slain by a bullfrog (9 damage)
             ... on level 6 of the Dungeon.
             The game lasted 00:20:49 (6090 turns).

HoboStank the Skirmisher (Demonspawn Berserker)     Turns: 6090, Time: 00:20:49

Health: 0/94       AC: 21    Str: 25    XL:     8   Next: 71%
Magic:  8/8        EV: 10    Int:  8    God:    Trog [****..]
Gold:   341        SH:  0    Dex: 13    Spells: 7/7 levels left

rFire    . . .     SeeInvis .   z - +2 halberd (venom)
rCold    . . .     Gourm    .   (shield currently unavailable)
rNeg     . . .     Faith    .   a - +0 plate armour
rPois    .         Spirit   .   (no helmet)
rElec    .         Reflect  .   t - +0 cloak
rCorr    .         Harm     .   n - +0 pair of gloves
MR       ++...                  b - +0 pair of boots
Stlth    ..........             (no amulet)
HPRegen  1.25/turn              k - +2 ring of evasion
MPRegen  0.11/turn              (no ring)

@: berserking (expiring), lethally poisoned (0 -> 0), sanguine armour,
regenerating, very quick
A: claws 2, powered by pain 1, sanguine armour 1
a: Berserk, Trog's Hand, Brothers in Arms, Renounce Religion


You were on level 6 of the Dungeon.
You worshipped Trog.
Trog was greatly pleased with you.
You were not hungry.

You visited 1 branch of the dungeon, and saw 6 of its levels.

You collected 341 gold pieces.

Inventory:

Hand Weapons
 f - a +1 dagger of venom
 p - a +1 dagger of venom
 q - a +2 flail of protection
 z - a +2 halberd of venom (weapon)
Missiles
 y - a throwing net (quivered) {!f}
Armour
 a - a +0 plate armour (worn)
 b - a +0 pair of boots (worn)
 n - a +0 pair of gloves (worn)
 t - a +0 cloak (worn)
Jewellery
 k - a +2 ring of evasion (left hand)
 m - an uncursed ring of resist corrosion
 x - an uncursed ring of protection from cold
Scrolls
 c - 4 scrolls of teleportation {unknown}
 d - 3 scrolls of amnesia {unknown}
 j - 6 scrolls of remove curse {unknown}
 l - 4 scrolls of identify
 r - a scroll of noise {unknown}
 s - a scroll of fear {unknown}
 v - a scroll of enchant armour {unknown}
 A - a scroll of immolation {unknown}
Potions
 g - 2 potions of degeneration {unknown}
 h - a potion of heal wounds {unknown}
 i - a potion of magic {unknown}
 o - a potion of curing {unknown}
 u - a potion of haste {unknown}
 w - a potion of resistance {unknown}
Comestibles
 e - 2 rations {!d}


   Skills:
 + Level 5.4 Fighting
 + Level 4.1(4.8) Short Blades
   Level 3.8(4.7) Long Blades
 + Level 4.4 Maces & Flails
 + Level 0.4 Polearms
 + Level 4.9 Armour
 + Level 3.4 Dodging
 + Level 2.1 Stealth


You had 7 spell levels left.
You didn't know any spells.
Your spell library was empty.

Dungeon Overview and Level Annotations

Branches:
Dungeon (6/12)             Temple (0/1) D:4

Altars:
Elyvilon
Ru
Sif Muna
Uskayaw
Xom
Zin

Shops:
D:6 }:


Innate Abilities, Weirdness & Mutations

You have very sharp fingernails.
You sometimes gain a little power by taking damage.
When seriously injured, your bleeding wounds create armour. (AC +6)


Message History

The killer bee is moderately wounded.
You feel sick.
The killer bee stings you but does no damage. x2
The bullfrog closely misses you.
The killer bee stings you but does no damage.
You miss the killer bee.
You feel sick. The killer bee barely misses you.
The killer bee stings you but does no damage.
The bullfrog hits you.
* * * LOW HITPOINT WARNING * * *
The killer bee stings you but does no damage.
The cyclops closely misses you.
The killer bee stings you but does no damage.
You miss the killer bee.
The killer bee is moderately wounded.
You feel sick.
The killer bee stings you but does no damage.
The bullfrog hits you but does no damage.
The killer bee stings you but does no damage.
The killer bee closely misses you. The bullfrog hits you!
You die...

###.#. >. ...... ##.
......##.. .......#.#
.......#.###
...........
.....yCyF# #@y#### ..
..##....# ...
.......##.##### .....
##..#.8..∩..8.# .....
#..#..##.###.........
.....##.#####.##.#..
#.#.....##....##.#..
#.....#....###......
###...#....).#......


You could see a cyclops, a bullfrog and 3 killer bees.

Vanquished Creatures
  A centaur zombie (D:4)
  A hippogriff (D:4)
  An ice beast (D:5)
  2 centaurs (D:5)
  A bullfrog (D:4)
  A big kobold (D:6)
  A wyvern zombie (D:6)
  A scorpion (D:4)
  A killer bee (D:6)
  A howler monkey (D:6)
  2 crimson imps
  A jelly (D:5)
  An orc priest (D:4)
  2 hounds
  Jessica (D:2)
  An iguana (D:4)
  An orc wizard (D:4)
  2 worker ants
  12 adders
  7 gnolls
  2 shadow imps (D:5)
  2 oozes
  An adder skeleton (D:5)
  4 worms
  4 dart slugs
  3 leopard geckos
  15 orcs
  A giant cockroach (D:1)
  3 goblins
  11 hobgoblins
  13 jackals
  10 kobolds
  4 quokkas
  A ball python (D:3)
  3 bats
  4 frilled lizards
  2 quokka skeletons
  8 rats
132 creatures vanquished.

Notes
Turn   | Place    | Note
-------+----------+-------------------------------------------
     0 | D:1      | HoboStank the Demonspawn Berserker began the quest for the
                  | Orb.
     0 | D:1      | Reached XP level 1. HP: 18/18 MP: 1/1
   402 | D:1      | Gained mutation: You have sharp fingernails. [demonic
                  | ancestry]
   402 | D:1      | Reached XP level 2. HP: 22/24 MP: 2/2
  1243 | D:1      | Gained mutation: When seriously injured, your bleeding
                  | wounds create armour. (AC +6) [demonic ancestry]
  1243 | D:1      | Reached XP level 3. HP: 23/29 MP: 3/3
  1575 | D:2      | Reached ** piety under Trog
  1766 | D:2      | Noticed Jessica
  1769 | D:2      | Killed Jessica
  1769 | D:2      | Reached XP level 4. HP: 35/35 MP: 4/4
  1874 | D:3      | Found a glowing drain.
  1918 | D:3      | Reached skill level 1 in Short Blades
  2347 | D:3      | Reached skill level 1 in Stealth
  2537 | D:3      | Gained mutation: You sometimes gain a little power by
                  | taking damage. [demonic ancestry]
  2537 | D:3      | Reached XP level 5. HP: 41/41 MP: 5/5
  3034 | D:3      | Reached *** piety under Trog
  3493 | D:3      | Found a glowing silver altar of Zin.
  3506 | D:3      | Found a shimmering blue altar of Sif Muna.
  3509 | D:3      | Found a sacrificial altar of Ru.
  3512 | D:3      | Found a shimmering altar of Xom.
  3722 | D:3      | Gained mutation: You have very sharp fingernails. [demonic
                  | ancestry]
  3722 | D:3      | Reached XP level 6. HP: 46/48 MP: 6/6
  3793 | D:4      | Noticed a hippogriff
  3801 | D:4      | Killed a hippogriff
  3801 | D:4      | Reached skill level 4 in Fighting
  3913 | D:4      | Reached XP level 7. HP: 15/54 MP: 7/7
  4321 | D:4      | Reached skill level 1 in Maces & Flails
  4323 | D:4      | Found a staircase to the Ecumenical Temple.
  4850 | D:4      | Reached XP level 8. HP: 61/61 MP: 8/8
  4916 | D:5      | Entered Level 5 of the Dungeon
  5001 | D:5      | Reached skill level 5 in Fighting
  5169 | D:5      | Found a hide-covered altar of Uskayaw.
  5169 | D:5      | Noticed a +0 hand axe
  5169 | D:5      | Noticed a +0 dagger
  5750 | D:5      | Found a white marble altar of Elyvilon.
  5805 | D:6      | Found Rucy's Book Boutique.
  5844 | D:6      | Reached **** piety under Trog
  6012 | D:6      | Found Muqiely's Gadget Boutique.
  6075 | D:6      | Noticed a cyclops
  6090 | D:6      | Slain by a bullfrog

Skill      XL: |  1  2  3  4  5  6  7  8 |
---------------+-------------------------+-----
Long Blades    | 3 |  3.8
Dodging        | 2 3 |  3.4
Short Blades   | 1 2 3 4 |  4.1
Stealth        | 1 2 |  2.1
Armour         | 2 3 4 |  4.9
Fighting       | 4 5 |  5.4
Maces & Flails | 2 4 |  4.4
Polearms       | |  0.4

Action                   |  1- 3 |  4- 6 |  7- 9 || total
-------------------------+-------+-------+-------++-------
Melee: Falchion          |    50 |       |       ||    50
       Dagger            |    55 |   232 |    12 ||   299
       Flail             |       |       |   158 ||   158
       Halberd           |       |       |    46 ||    46
Invok: Berserk           |       |     2 |     2 ||     4
       Trog's Hand       |       |     1 |     2 ||     3
  Use: Scroll            |     2 |       |     2 ||     4
 Stab: Sleeping          |     2 |     2 |       ||     4
       Distracted        |       |     1 |       ||     1
  Eat: Ration            |     1 |     3 |     2 ||     6
       Chunk             |       |     1 |       ||     1
Armor: Animal skin       |    20 |    15 |       ||    35
       Scale mail        |       |    19 |     8 ||    27
       Plate armour      |       |       |   209 ||   209
Dodge: Dodged            |    59 |   126 |   146 ||   331
